 Dungeon Crawl Stone Soup version 0.29.1-15-g9cfb28693d (webtiles) character file.

Game seed: 7214130048347234990

0 protoss039 the Digger (level 1, 0/11 (13) HPs)
             Began as a Demonspawn Earth Elementalist on Mar 13, 2023.
             Slain by a spectral hobgoblin (1 damage)
             ... on level 1 of the Dungeon.
             The game lasted 00:00:22 (134 turns).

protoss039 the Digger (DsEE)                         Turns: 134, Time: 00:00:22

HP:   0/11 (13)     AC:  3    Str:  8    XL:     1   Next: 8%
MP:   0/3           EV: 12    Int: 16    God:
Gold: 10            SH:  0    Dex: 13    Spells: 3/4 levels left

rFire   . . .      SeeInvis .   (no weapon)
rCold   . . .      Faith    .   (no shield)
rNeg    . . .      Spirit   .   a - +0 robe
rPois   .          Reflect  .   (no helmet)
rElec   .          Harm     .   d - +0 cloak
rCorr   .          Rampage  .   (no gloves)
Will    .....                   (no boots)
Stlth   ++........              (no amulet)
HPRegen 0.03/turn               (no ring)
MPRegen 0.08/turn               (no ring)

@: heavily drained
A: no striking features
a: no special abilities


You were on level 1 of the Dungeon.
You visited 1 branch of the dungeon, and saw 1 of its levels.

You collected 10 gold pieces.

Inventory:

Armour
 a - a +0 robe (worn)
 d - a +0 cloak (worn)
Scrolls
 c - a scroll of teleportation {unknown}
Potions
 b - a potion of magic


   Skills:
 + Level 0.0 Fighting
 - Level 1.7 Dodging
 - Level 1.7 Stealth
 + Level 2.0 Spellcasting
 - Level 0.8 Transmutations
 + Level 2.7 Earth Magic


You had 3 spell levels left.
You knew the following spells:

 Your Spells              Type           Power      Damage    Failure   Level
a - Sandblast             Erth           20%        2d7       7%          1

Your spell library contained the following spells:

 Spells                   Type           Power      Damage    Failure   Level
 Passwall                 Tmut/Erth      5%         N/A       16%         2
 Stone Arrow              Conj/Erth      10%        3d7       34%         3
 Petrify                  Tmut/Erth      7%         N/A       69%         4


Dungeon Overview and Level Annotations

Branches:
Dungeon (1/15) Zot: 5860

Altars:


Message History

Aim: a spectral hobgoblin (94% to hit)
The blast of sand hits the spectral hobgoblin but does no damage.
Unknown command.
A spectral hobgoblin is nearby!
Casting: Sandblast (safe; 7% risk of failure)
Confirm with . or Enter, or press ? or * to list all spells.
Aiming: Sandblast (safe; 7% risk of failure)
Press: ? - help, Shift-Dir - straight line, f/p - spectral hobgoblin
Aim: a spectral hobgoblin (94% to hit)
The blast of sand hits the spectral hobgoblin but does no damage.
The spectral hobgoblin barely misses you.
Unknown command.
Casting: Sandblast (safe; 7% risk of failure)
Confirm with . or Enter, or press ? or * to list all spells.
Aiming: Sandblast (safe; 7% risk of failure)
Press: ? - help, Shift-Dir - straight line, f/p - spectral hobgoblin
Aim: a spectral hobgoblin (94% to hit)
The blast of sand hits the spectral hobgoblin.
The spectral hobgoblin is heavily damaged.
The spectral hobgoblin barely misses you.
The spectral hobgoblin hits you.
You barely miss the spectral hobgoblin.
The spectral hobgoblin is heavily damaged.
The spectral hobgoblin barely misses you.
You barely miss the spectral hobgoblin.
The spectral hobgoblin is heavily damaged.
The spectral hobgoblin hits you.
Your unstable footing causes you to fumble your attack.
The spectral hobgoblin hits you.
Your unstable footing causes you to fumble your attack.
The spectral hobgoblin hits you.
* * * LOW HITPOINT WARNING * * *
You feel drained.
The spectral hobgoblin closely misses you.
You hit the spectral hobgoblin but do no damage.
The spectral hobgoblin is heavily damaged.
The spectral hobgoblin hits you.
* * * LOW HITPOINT WARNING * * *
You feel drained.
You die...

#.. ~~. # .. .
~####~# .# ~~~_~~~
.##
~~~....###~$##.# .
~~~.~~~#@~......
#.
~.~.~..Z~...####
#~~#~..~.##.####
#.~#+++##.~#
#~~~.~~~~~##
#####...### ##.##
.#
#.#############..#
#.............#..#


You could see a spectral hobgoblin.

Vanquished Creatures
  A frilled lizard (D:1)
1 creature vanquished.

Notes
Turn   | Place    | Note
-------+----------+-------------------------------------------
     0 | D:1      | protoss039 the Demonspawn Earth Elementalist began the
                  | quest for the Orb.
     0 | D:1      | Reached XP level 1. HP: 13/13 MP: 3/3
   124 | D:1      | Found a faded altar of an unknown god.
   134 | D:1      | Slain by a spectral hobgoblin

Illustrated notes

Levels and vault maps discovered:
D:1:      mrwooster_arrival_arrow, layout_basic,
          dreamdust_ecumenical_altar_drowned_temple, skrybe_limestone_x,
          chequers_serial_rivers_micro_a

Action                   || total
-------------------------++-------
Melee: Unarmed           ||     5
 Cast: Sandblast         ||     4
Dodge: Dodged            ||     4
